 Dungeon Crawl Stone Soup version 0.32-a0-876-gcfddb08e57 (webtiles) character file.

Game seed: 16364593836813078726

2483 pokedragonboy the Prestidigitator (level 9, -1/69 HPs)
             Began as a Coglin Artificer on Apr 2, 2024.
             Was an Initiate of Gozag.
             Slain by a kobold brigand
             ... wielding a +0 war axe
              (11 damage)
             ... in a bailey.
             The game lasted 00:14:11 (6763 turns).

pokedragonboy the Prestidigitator (CoAr)            Turns: 6763, Time: 00:14:12

Health: -1/69      AC: 14    Str: 16    XL:     9   Next: 52%
Magic:  9/9        EV:  6    Int: 11    God:    Gozag
Gold:   465        SH:  0    Dex: 15    Spells: 8/8 levels left

rFire   . . .        j - +4 hand axe {Sanghe}
rCold   . . .        C - +0 war axe {Xiuying}
rNeg    . . .        l - +0 chain mail
rPois   .            s - +0 helmet
rElec   .            B - +0 cloak
rCorr   .            h - +0 pair of gloves
SInv    .            r - +0 pair of boots
Will    .....        (amulet unavailable) Stlth
                     (ring unavailable)
HPRegen 0.31/turn    (ring unavailable)
MPRegen 0.11/turn    (no gizmo)

%: no passive effects
@: gold aura, slowed, revved, very slow
A: off-hand wielding, slow wielding, warmup strikes, no jewellery
a: Invent Gizmo, Renounce Religion, Potion Petition, Call Merchant, Bribe Branch


You were in a bailey.
You worshipped Gozag.
Gozag was aware of your devotion.
You visited 2 branches of the dungeon, and saw 8 of its levels.
You also visited: Bailey.

You collected 539 gold pieces.
You paid 74 gold pieces to Gozag.

Inventory:

Hand Weapons
 j - a +4 hand axe (weapon) {Sanghe}
 C - a +0 war axe (offhand) {Xiuying}
 D - a +2 flail of protection
 E - a +3 flail
Missiles
 a - 4 javelins
 p - 3 throwing nets
Armour
 h - a +0 pair of gloves (worn)
 l - a +0 chain mail (worn)
 r - a +0 pair of boots (worn)
 s - a +0 helmet (worn)
 v - a +0 plate armour
 B - a +0 cloak (worn)
Wands
 c - a wand of flame (16) (quivered)
 d - a wand of charming (15)
 e - a wand of iceblast (3)
Scrolls
 b - 3 scrolls of fog
 n - a scroll of amnesia {unknown}
 w - a scroll of brand weapon {unknown}
 x - a scroll of blinking {unknown}
 y - a scroll of noise {unknown}
 z - 2 scrolls of immolation {unknown}
 A - a scroll of teleportation
Potions
 f - a potion of enlightenment {unknown}
 g - 2 potions of might
 i - a potion of degeneration {unknown}
 k - a potion of brilliance {unknown}
 m - a potion of haste {unknown}
 q - a potion of resistance {unknown}
 t - 2 potions of lignification
 u - 3 potions of curing


   Skills:
 + Level 6.2 Fighting
 * Level 7.7 Axes
 + Level 5.1 Armour
 - Level 0.8 Dodging
 - Level 0.7 Stealth
 + Level 8.1 Evocations


You had 8 spell levels left.
You didn't know any spells.
Your spell library contained the following spells:

 Spells                   Type           Power      Damage    Failure   Level
 Blink                    Tloc           0%         N/A       99%         2
 Ensorcelled Hibernation  Hex/Ice        0%         N/A       99%         2
 Lesser Beckoning         Tloc           0%         N/A       99%         2
 Momentum Strike          Conj/Tloc      0%         3d8       99%         2
 Passwall                 Erth           0%         N/A       100%        3
 Swiftness                Air            0%         N/A       100%        3


Dungeon Overview and Level Annotations

Branches:
Dungeon (7/15)             Temple (1/1) D:6          Bailey (1/1)

Altars:
Ashenzari
Dithmenos
Elyvilon
Fedhas
Gozag
Hepliaklqana
Makhleb
Nemelex Xobeh
Okawaru
Qazlal
Ru
Sif Muna
Uskayaw
Vehumet
Wu Jian
Xom
Zin
The Shining One


Innate Abilities, Weirdness & Mutations

You can wield a second weapon in your off-hand.
It takes a long time for you to wield or remove held weapons.
Your first few attacks do less damage.
You cannot equip rings or amulets.


Message History

You completely miss the kobold brigand with your +4 hand axe.
You barely miss the kobold brigand with your +4 hand axe.
You barely miss the kobold brigand with your +0 war axe.
You hit the kobold brigand with your +0 war axe.
You hit the kobold brigand but do no damage.
You feel sick.
You are no longer poisoned.
The kobold brigand hits you but does no damage.
The kobold brigand hits you with a +0 war axe.
The kobold brigand barely misses you.
You completely miss the kobold brigand with your +4 hand axe.
The kobold brigand is moderately wounded.
You hit the kobold brigand with your +4 hand axe. x2
You slash the kobold brigand with your +0 war axe!
You hit the kobold brigand with your +0 war axe. x2
The kobold brigand closely misses you. The kobold brigand barely misses you.
The kobold brigand hits you with a +0 war axe.
The kobold brigand hits you but does no damage.
The kobold brigand closely misses you.
The kobold brigand hits you but does no damage.
You hit the kobold brigand with your +0 war axe.
You kill the kobold brigand!
You hit the kobold brigand but do no damage.
You closely miss the kobold brigand with your +0 war axe.
You slash the kobold brigand with your +4 hand axe!
You hit the kobold brigand with your +4 hand axe.
The kobold brigand hits you but does no damage.
The kobold brigand hits you with a +0 war axe.
You closely miss the kobold brigand with your +4 hand axe.
The kobold brigand is heavily wounded.
You closely miss the kobold brigand with your +4 hand axe.
You barely miss the kobold brigand with your +0 war axe.
You hit the kobold brigand with your +0 war axe.
The kobold brigand hits you but does no damage.
The kobold brigand hits you with a +0 war axe!
* * * LOW HITPOINT WARNING * * *
The kobold brigand closely misses you.
The kobold brigand hits you with a +0 war axe!
You die...
Your body crumbles into a pile of gold.

##'''## #...#
#...# #...#
####...####
##~.......~##
###~~..$....~~##
...~~.$$$K..~~...
###~~..K@...~~###
...~~....$..~~..
###~~.......~~###
..~~.......~~..
###~~.......~~##
..~~.......~~..
##~~.......~~##
.~~.......~~.


You could see 2 kobold brigands.

Vanquished Creatures
  Menkaure (D:6)
  A water moccasin (D:3)
  An ice beast (D:7)
  A sky beast (D:6)
  An orc warrior (D:7)
  2 black bears (D:5)
  A centaur (D:6)
  2 ogres
  A phantom (D:5)
  A kobold brigand (Bailey)
  A bullfrog (D:7)
  2 scorpions (D:6)
  3 howler monkeys
  5 electric eels (D:6)
  2 bombardier beetles
  6 hounds
  4 orc priests
  A jelly (D:6)
  A sleepcap (D:4)
  Terence (D:2)
  5 iguanas
  5 orc wizards
  7 adders
  2 shadow imps
  3 white imps
  2 dart slugs (D:3)
  2 ribbon worms
  28 orcs
  9 ball pythons
  8 endoplasms
  2 giant cockroaches (D:1)
  7 goblins
  5 hobgoblins
  18 jackals
  3 quokkas
  3 bats
  A frilled lizard (D:1)
  12 kobolds
  3 rats
  A butterfly (D:3)
164 creatures vanquished.

Vanquished Creatures (others)
  An orc wizard (D:5)
1 creature vanquished.

Grand Total: 165 creatures vanquished

Notes
Turn   | Place    | Note
-------+----------+-------------------------------------------
     0 | D:1      | pokedragonboy the Coglin Artificer began the quest for the
                  | Orb.
     0 | D:1      | Reached XP level 1. HP: 15/15 MP: 1/1
   141 | D:1      | You fall into a shaft and drop 1 floor!
   198 | D:2      | Reached XP level 2. HP: 12/21 MP: 2/2
   277 | D:2      | Found a faded altar of an unknown god.
   303 | D:2      | Found a glowing golden altar of the Shining One.
   332 | D:2      | Reached skill level 1 in Axes
   478 | D:1      | Reached XP level 3. HP: 15/27 MP: 3/3
  1078 | D:2      | Noticed Terence
  1090 | D:2      | Killed Terence
  1091 | D:2      | Reached XP level 4. HP: 31/34 MP: 4/4
  1344 | D:3      | Noticed a water moccasin
  1352 | D:3      | Killed a water moccasin
  1353 | D:3      | Reached XP level 5. HP: 36/41 MP: 5/5
  1439 | D:3      | Found a blossoming altar of Fedhas.
  1471 | D:3      | Found a stormy altar of Qazlal.
  1633 | D:3      | Found a shimmering altar of Xom.
  1701 | D:3      | Reached skill level 5 in Evocations
  2385 | D:4      | Noticed an ogre
  2404 | D:4      | Reached XP level 6. HP: 28/47 MP: 6/6
  2848 | D:4      | Reached XP level 7. HP: 40/53 MP: 7/7
  3082 | D:4      | Found the Hermit's Pendant {Faith Invo=14 Evo=0 MP+5}
  3657 | D:5      | Entered Level 5 of the Dungeon
  4326 | D:5      | Found a broken altar of Ashenzari.
  4340 | D:5      | Reached skill level 5 in Axes
  4340 | D:5      | Reached skill level 6 in Evocations
  4518 | D:5      | Reached XP level 8. HP: 33/61 MP: 8/8
  4815 | D:5      | Reached skill level 5 in Fighting
  5187 | D:6      | Found a sparkling altar of Nemelex Xobeh.
  5406 | D:6      | Found a shadowy altar of Dithmenos.
  5415 | D:6      | Reached skill level 7 in Evocations
  5456 | D:6      | Found a staircase to the Ecumenical Temple.
  5463 | Temple   | Entered the Ecumenical Temple
  5475 | Temple   | Became a worshipper of Gozag Ym Sagoz the Greedy
  5550 | D:6      | Noticed Menkaure
  5556 | D:6      | Killed Menkaure
  5557 | D:6      | Reached XP level 9. HP: 68/68 MP: 9/9
  5714 | D:6      | Found a radiant altar of Vehumet.
  6462 | D:7      | Reached skill level 5 in Armour
  6586 | D:7      | Found a flagged portal.
  6596 | D:7      | Reached skill level 8 in Evocations
  6652 | Bailey   | Entered a bailey
  6763 | Bailey   | Slain by a kobold brigand

Illustrated notes

Levels and vault maps discovered:
D:1:      reono_arrival_mine, layout_basic
D:2:      layout_loops_ring, basic_altar, ebering_ecumenical_altar_mist,
          minmay_misc_feat_rows, kennysheep_another_room,
          kennysheep_generic_room_12, uniq_terence
D:3:      minmay_skewed_foursquare, layout_basic,
          grunt_temple_overflow_forces_of_nature, xom_butterflies
D:4:      layout_basic
D:5:      layout_loops_corners, ashenzari_altar_1
D:6:      kennysheep_spiral_hall, layout_rooms,
          grunt_dithmenos_smoke_and_mirrors, nemelex_dance_club_becter,
          lemuel_tele_altar, temple_statues, kennysheep_boxes, uniq_menkaure
D:7:      wander_river, layout_rooms, enter_bailey_5, centaur_isle
Temple:   hellmonk_temple_of_storms
Bailey:   bailey_axe_3, bailey

Skill      XL: |  1  2  3  4  5  6  7  8  9 |
---------------+----------------------------+-----
Axes           | 1 2 3 5 6 7 |  7.7
Armour         | 2 3 4 5 |  5.1
Fighting       | 2 3 4 5 6 |  6.2
Evocations     | 5 6 7 8 |  8.1
Dodging        | |  0.8
Stealth        | |  0.7

Action                     |  1- 3 |  4- 6 |  7- 9 || total
---------------------------+-------+-------+-------++-------
  Melee: Club              |    24 |       |       ||    24
         Dagger            |    67 |    87 |    74 ||   228
         Flail             |    56 |    95 |    80 ||   231
         Hand axe          |       |       |   361 ||   361
         War axe           |       |       |    43 ||    43
  Evoke: Wand              |     2 |    12 |    17 ||    31
    Use: Scroll            |     1 |     3 |     3 ||     7
   Stab: Sleeping          |     1 |       |       ||     1
 Armour: Leather armour    |    51 |       |       ||    51
         Ring mail         |       |    85 |   287 ||   372
         Chain mail        |       |       |    23 ||    23
  Dodge: Dodged            |    47 |    48 |   160 ||   255

Table legend: (Time is in decaauts)
 A = Elapsed time spent in this place.
 B = Non-inter-level travel time spent in this place.
 C = Inter-level travel time spent in this place.
 D = Time resting spent in this place.
 E = Time spent auto-exploring this place.
 F = Levels seen in this place.
 G = Mean time per level.
                   A        B        C        D        E       F      G
               +--------+--------+--------+--------+--------+-----+--------+
         Total |   6852 |   6558 |    294 |    725 |   4351 |   9 |  761.3 |
       Dungeon |   6713 |   6440 |    273 |    725 |   4255 |   7 |  959.0 |
        Temple |     23 |      2 |     21 |      0 |      0 |   1 |   23.0 |
        Bailey |    115 |    115 |      0 |      0 |     96 |   1 |  115.0 |
               +--------+--------+--------+--------+--------+-----+--------+

Top non-repeatable levels by time:
     D:6: 1443 daAuts
     D:5: 1367 daAuts
     D:4: 1290 daAuts
     D:3: 1092 daAuts
     D:2: 697 daAuts
     D:1: 612 daAuts
     D:7: 209 daAuts
  Bailey: 115 daAuts
  Temple: 23 daAuts
